Description

TvZ 6 hellion 1 lib opener to harass, transition to bio tank push

Replay - ryu zerg

Build Order

Get SALT Encoding   

  12  0:00  SCV  
  13  0:12  SCV  
  14  0:17  Supply Depot  
  14  0:24  SCV  
  15  0:38  SCV  
  15  0:39  Barracks  
  16  0:43  Refinery  
  16  0:50  SCV  
  17  1:02  SCV  
  18  1:14  SCV  
  19  1:26  Orbital Command, Reaper  
  20  1:39  Command Center  
  20  1:47  Supply Depot  
  20  1:52  SCV  
  21  1:58  Marine  
  22  2:04  SCV  
  22  2:07  Factory  
  23  2:12  Refinery  
  23  2:18  SCV  
  23  2:20  Barracks Reactor  
  26  2:52  Starport  
  26  2:53  Orbital Command  
  27  3:04  Hellion x2  
  31  3:07  Barracks Tech Lab  
  32  3:12  Supply Depot  
  32  3:13  Liberator  
  33  3:25  Hellion x2  
  42  3:40  Stimpack  
  43  3:47  Hellion x2  
  48  3:50  Supply Depot  
  51  4:14  Starport Reactor  
  51  4:15  Command Center  
  52  4:17  Factory Tech Lab  
  52  4:23  Supply Depot  
  52  4:30  Barracks x2  
  54  4:35  Siege Tank  
  59  4:40  Engineering Bay x2  
  61  4:53  Refinery x2  
  61  4:55  Starport Reactor  
  61  4:56  Marine  
  64  5:12  Terran Infantry Armor Level 1, Terran Infantry Weapons Level 1  
  66  5:14  Marine  
  66  5:19  Marine x2  
  69  5:26  Siege Tank  
  69  5:27  Orbital Command  
  74  5:29  Marine x3  
  74  5:33  Combat Shield  
  77  5:37  Marine x2  
  79  5:47  Medivac x2  
  87  5:53  Orbital Command  
  101  6:38  Siege Tank  
  108  6:43  Barracks x2  
  114  6:48  Armory  
  121  7:01  Refinery x2  
  121  7:05  Factory  
  125  7:20  Medivac x2  
  133  7:28  Marauder, Concussive Shells  
  135  7:35  Terran Infantry Weapons Level 2  
  138  7:37  Barracks Reactor x2  
  138  7:43  Siege Tank  
  145  7:48  Factory Tech Lab  
  146  7:56  Terran Infantry Armor Level 2  
  146  7:57  Command Center  
  149  8:01  Terran Vehicle And Ship Armor Level 1  
  149  8:14  Medivac x2  
  149  8:17  Siege Tank  
  165  8:23  Barracks x3  
  165  8:26  Siege Tank  
  168  8:44  Medivac  
  173  8:52  Medivac, Siege Tank  
  173  8:53  Marauder  
  191  9:10  Planetary Fortress  
  191  9:13  Barracks Tech Lab x3  
  191  9:15  Marauder  
  194  9:27  Starport x2, Fusion Core  
  200  9:35  Refinery x2  
Spawning Tool Build Advisor. Get it on Overwolf

Go to:

Details

  • Created by: Viper255
  • Published on: Apr 12, 2020
  • Modified on: Apr 12, 2020
  • Patch: 4.11.0
Show
View Real Time Build Order
Export as new Build Order

Comments (0)

There are no comments. Be the first!

Create an account to comment!